 Dungeon Crawl Stone Soup version 0.27.0-1-g7a089689b8 (webtiles) character file.

Game seed: 10099993479474822409

6783 robertstho the Thaumaturge (level 11, -1/68 HPs)
             Began as a Djinni Fire Elementalist on Aug 11, 2021.
             Was an Initiate of Gozag.
             Splashed by an acid dragon's acid (7 damage)
             ... on level 10 of the Dungeon.
             The game lasted 00:14:29 (11173 turns).

robertstho the Thaumaturge (DjFE)                  Turns: 11173, Time: 00:14:33

Health: -1/68      AC:  3    Str: 13    XL:     11   Next: 25%
Gold:   756        EV: 28    Int: 23    God:    Gozag SH:  0 Dex: 14

rFire    + + .     SeeInvis +   b - +0 short sword (speed)
rCold    + . .     Faith    .   (no shield)
rNeg     . . .     Spirit   .   B - +0 robe {rC+}
rPois    ∞         Reflect  .   f - +1 helmet {Int+3}
rElec    .         Harm     .   A - +2 cloak of the Thief {*Fog Slay-2 SInv Stlth+}
rCorr    .         Rampage  .   (no gloves)
Will     +....                  (boots unavailable)
Stlth    ++++......             a - amulet of the acrobat
HPRegen  0.21/turn              d - ring of protection from cold
MPRegen  0.00/turn              j - +6 ring of strength

@: liquefying, corroded, gold aura, acrobatic, flying, slowed movement, very
slow
A: sickness immunity, fire resistance 2, cold vulnerability 1, float, innate
caster, hp casting, extra vitality 1
a: Renounce Religion, Potion Petition, Call Merchant, Bribe Branch


You were on level 10 of the Dungeon.
You worshipped Gozag.
Gozag was pleased with you.
You visited 2 branches of the dungeon, and saw 11 of its levels.

You collected 1046 gold pieces.
You spent 241 gold pieces at shops.
You paid 49 gold pieces to Gozag.

Inventory:

Hand Weapons
 b - a +0 short sword of speed (weapon)
 y - a +4 short sword
Armour
 f - a +1 helmet of intelligence (worn)
 A - the +2 cloak of the Thief (worn) {*Fog Slay-2 SInv Stlth+}
   (You bought it in a shop on level 7 of the Dungeon)

   It may release a thick cloud of smoke when the wearer is hurt.
   Slay:      It affects your accuracy & damage with ranged weapons and melee
   (-2).
   SInv:      It lets you see invisible.
   Stlth:     It makes you more stealthy.
 B - a +0 robe of cold resistance (worn)
Jewellery
 a - an amulet of the acrobat (around neck)
 d - a ring of protection from cold (left hand)
 j - a +6 ring of strength (right hand)
 k - a ring of positive energy
 t - a ring of ice
 x - a ring of protection from fire
Wands
 v - a wand of polymorph (11)
Scrolls
 c - 8 scrolls of teleportation
 e - a scroll of fog
 g - 3 scrolls of enchant weapon
 h - a scroll of enchant armour {unknown}
 i - a scroll of fear {unknown}
 n - a scroll of immolation {unknown}
 p - 5 scrolls of blinking {unknown}
 w - 2 scrolls of vulnerability
Potions
 l - a potion of might
 m - 3 potions of curing
 o - 3 potions of flight {unknown}
 q - a potion of invisibility {unknown}
 s - a potion of heal wounds {unknown}
 u - 2 potions of cancellation
 z - a potion of lignification


   Skills:
 + Level 2.2 Fighting
 + Level 1.3 Short Blades
 + Level 3.2 Dodging
 + Level 5.8 Stealth
 + Level 13.3 Spellcasting


You had 6 spell levels left.
You knew the following spells:

 Your Spells              Type           Power      Damage    Failure   Level
a - Foxfire               Conj/Fire      100%       2x1d9     0%          1
b - Conjure Flame         Conj/Fire      67%        6-21      1%          3
c - Inner Flame           Hex/Fire       67%        N/A       1%          3
d - Sticky Flame          Conj/Fire      67%        2d8       1%          4
e - Fireball              Conj/Fire      33%        3d14      1%          5
f - Sandblast             Erth           100%       2d20      0%          1
g - Call Imp              Summ           67%        N/A       1%          2
h - Teleport Other        Tloc           67%        N/A       1%          3
i - Dispel Undead         Necr           67%        3d23      1%          4
j - Leda's Liquefaction   Hex/Erth       33%        N/A       1%          4
Your spell library was empty.

Dungeon Overview and Level Annotations

Branches:
Dungeon (10/15)            Temple (1/1) D:5
   Lair: D:8-11         Orc: D:9-12

Altars:
Ashenzari
Cheibriados
Dithmenos
Elyvilon
Fedhas
Gozag
Hepliaklqana
Kikubaaqudgha
Makhleb
Nemelex Xobeh
Okawaru
Qazlal
Ru
Sif Muna
Trog
Uskayaw
Vehumet
Wu Jian
Xom
Yredelemnul
Zin
The Shining One

Shops:
D:7 [

Annotations:
D:9 3 runed translucent doors


Innate Abilities, Weirdness & Mutations

You are immune to sickness and miasma.
You are immune to poison.
Your flesh is very heat resistant. (rF++)
You are vulnerable to cold. (rC-)
You float through the air rather than walking.
You learn spells naturally, not from books.
Your magical power is your life essence.
You have superior vitality. (+4 HP)


Message History

You hear a loud, deep croak!
Unknown command.
Unknown command.
Casting: Fireball (dangerous; 1% risk of failure)
Confirm with . or Enter, or press ? or * to list all spells.
Aiming: Fireball (dangerous; 1% risk of failure)
Press: ? - help, Shift-Dir - straight line, f - bullfrog
Aim: a bullfrog (covering ground slowly)
The fireball explodes!
The fireball engulfs the bullfrog!!
The bullfrog is severely wounded.
Unknown command.
Unknown command.
Casting: Fireball (dangerous; 1% risk of failure)
Confirm with . or Enter, or press ? or * to list all spells.
Aiming: Fireball (dangerous; 1% risk of failure)
Press: ? - help, Shift-Dir - straight line, f/p - bullfrog
Aim: a bullfrog (severely wounded, covering ground slowly)
The fireball explodes!
The fireball engulfs the bullfrog!!
You kill the bullfrog!
* * * LOW HITPOINT WARNING * * *
Unknown command.
Unknown command.
Casting: Fireball (dangerous; 1% risk of failure)
Confirm with . or Enter, or press ? or * to list all spells.
Aiming: Fireball (dangerous; 1% risk of failure)
Press: ? - help, Shift-Dir - straight line, f - bullfrog
Aim: a bullfrog (covering ground slowly)
The fireball explodes!
The fireball engulfs the bullfrog!!
You kill the bullfrog!
* * * LOW HITPOINT WARNING * * *
Unknown command.
Unknown command.
An acid dragon comes into view.
The acid dragon spits acid at you. The splash of acid hits you!
* * * LOW HITPOINT WARNING * * *
With a swish of your cloak, you release a cloud of fog.
The acid corrodes you!
You are splashed with acid!
You die...
Your body crumbles into a pile of gold.

(... #..# #..# .
#$D# .. #..# .P.
#.§# #
P...#####§§##.#.###
.......$§@§........
......$##§§##.#.###
........$..# ..
.......##..# ..#
....... #..# #.#
....... #..# . $
....... #..#
####### #[.# #...


You could see an acid dragon (catching breath).

Vanquished Creatures
  A two-headed ogre (D:5)
  Sonja (D:10)
  Pikel (D:7)
  A troll (D:9)
  Grinder (D:6)
  7 yaks
  A steam dragon (D:6)
  Duvessa (D:7)
  A water moccasin (D:9)
  3 orc warriors
  2 sky beasts (D:6)
  A hornet zombie (D:6)
  2 black bears
  2 ogres
  3 centaurs
  A phantom (D:5)
  A kobold brigand (D:8)
  4 bullfrogs
  Dowan (D:7)
  A gnoll sergeant (D:8)
  A wyvern skeleton (D:3)
  5 killer bees (D:10)
  12 wights
  3 howler monkeys
  A centaur zombie (D:9)
  A bullfrog zombie (D:6)
  A jelly (D:6)
  2 hounds
  3 orc priests
  A gnoll shaman (D:9)
  2 bullfrog skeletons
  2 iguanas (D:6)
  6 orc wizards
  A killer bee zombie (D:6)
  A howler monkey zombie (D:9)
  3 adders
  15 gnolls
  3 worms
  2 dart slugs
  23 orcs
  7 endoplasms
  3 giant cockroaches
  3 goblins
  7 hobgoblins
  8 jackals (D:1)
  16 kobolds
  A quokka (D:1)
  6 ball pythons
  5 bats
  2 frilled lizards
  5 rats
187 creatures vanquished.

Vanquished Creatures (others)
  498 foxfires
  A fungus (D:10)
  2 plants (D:10)
501 creatures vanquished.

Grand Total: 688 creatures vanquished

Notes
Turn   | Place    | Note
-------+----------+-------------------------------------------
     0 | D:1      | robertstho the Djinni Fire Elementalist began the quest for
                  | the Orb.
     0 | D:1      | Reached XP level 1. HP: 15/15 MP: 0/0
   256 | D:1      | Reached XP level 2. HP: 16/21 MP: 0/0
   773 | D:1      | Reached skill level 3 in Spellcasting
   801 | D:1      | Reached XP level 3. HP: 24/25 MP: 0/0
   801 | D:1      | Learned a level 1 spell: Sandblast
  1310 | D:1      | Found a faded altar of an unknown god.
  2001 | D:2      | Reached XP level 4. HP: 17/31 MP: 0/0
  2919 | D:2      | Identified 2 scrolls of acquirement
  2919 | D:2      | Acquired a manual of Spellcasting
  2923 | D:2      | Acquired a +1 helmet of intelligence
  3273 | D:3      | Reached skill level 4 in Spellcasting
  3273 | D:3      | Reached XP level 5. HP: 29/35 MP: 0/0
  3273 | D:3      | Learned a level 2 spell: Call Imp
  3566 | D:3      | Reached skill level 5 in Spellcasting
  3775 | D:3      | Reached XP level 6. HP: 25/40 MP: 0/0
  4051 | D:4      | Found a shadowy altar of Dithmenos.
  4069 | D:4      | Reached skill level 6 in Spellcasting
  4695 | D:4      | Noticed an ogre
  4701 | D:4      | Killed an ogre
  4702 | D:4      | Reached XP level 7. HP: 38/45 MP: 0/0
  4702 | D:4      | Learned a level 3 spell: Teleport Other
  4973 | D:5      | Entered Level 5 of the Dungeon
  5023 | D:5      | Reached skill level 7 in Spellcasting
  5199 | D:5      | Found a staircase to the Ecumenical Temple.
  5216 | Temple   | Entered the Ecumenical Temple
  5223 | Temple   | Became a worshipper of Gozag Ym Sagoz the Greedy
  5359 | D:5      | Noticed a two-headed ogre
  5372 | D:5      | Killed a two-headed ogre
  5373 | D:5      | Reached skill level 9 in Spellcasting
  5373 | D:5      | Reached XP level 8. HP: 32/50 MP: 0/0
  5852 | D:6      | Noticed Grinder
  5854 | D:6      | Killed Grinder
  5855 | D:6      | Reached skill level 1 in Short Blades
  5855 | D:6      | Reached skill level 10 in Spellcasting
  5855 | D:6      | Reached XP level 9. HP: 45/56 MP: 0/0
  5855 | D:6      | Learned a level 4 spell: Dispel Undead
  6291 | D:6      | Reached skill level 11 in Spellcasting
  6763 | D:7      | Noticed Duvessa
  6763 | D:7      | Noticed Dowan
  6879 | D:7      | Found Yppitux's Armour Shop.
  6981 | D:7      | Killed Duvessa
  6982 | D:7      | Reached skill level 1 in Fighting
  6982 | D:7      | Reached skill level 5 in Stealth
  7219 | D:7      | Bought the +2 cloak of the Thief {*Fog Slay-2 SInv Stlth+}
                  | for 241 gold pieces
  7219 | D:7      | Found the +2 cloak of the Thief {*Fog Slay-2 SInv Stlth+}
  7245 | D:7      | Killed Dowan
  7416 | D:7      | Noticed Pikel
  7418 | D:7      | Killed Pikel
  7419 | D:7      | Reached XP level 10. HP: 42/62 MP: 0/0
  7877 | D:7      | Reached skill level 12 in Spellcasting
  7953 | D:7      | Found a shimmering altar of Xom.
 10586 | D:9      | Found a basalt altar of Yredelemnul.
 10586 | D:9      | Found a hide-covered altar of Uskayaw.
 10611 | D:9      | Found a runed translucent gate.
 10611 | D:9      | Noticed a red ugly thing
 10611 | D:9      | Noticed a green ugly thing
 10612 | D:9      | Found a runed translucent gate.
 10612 | D:9      | Found a runed translucent gate.
 10612 | D:9      | Noticed a brown ugly thing
 10612 | D:9      | Noticed a white very ugly thing
 10612 | D:9      | Noticed a glowing orange brain
 10615 | D:9      | Noticed a brown ugly thing
 10866 | D:9      | Reached XP level 11. HP: 52/68 MP: 0/0
 10866 | D:9      | Learned a level 4 spell: Leda's Liquefaction
 10867 | D:9      | Reached skill level 13 in Spellcasting
 11093 | D:9      | Noticed a white ugly thing
 11095 | D:9      | Noticed a brown ugly thing
 11151 | D:10     | Entered Level 10 of the Dungeon
 11154 | D:10     | Noticed Sonja
 11161 | D:10     | Killed Sonja
 11173 | D:10     | Splashed by an acid dragon's acid

Illustrated notes

Levels and vault maps discovered:
D:1:      minmay_arrival_wavy_path, layout_basic,
          hellmonk_ecumenical_altar_dog_temple, roderic_serpentine_path,
          minmay_3d_cube
D:2:      layout_loops_cross, corexii_leaking_fountain
D:3:      layout_loops_ring
D:4:      layout_cave_pools, grunt_dithmenos_smoke_and_mirrors, fountainhead,
          dk_vineyard_1, minmay_misc_feat_encased, st_stairs_11
D:5:      layout_loops_ring, temple_fountains
D:6:      layout_cave_pools, uniq_grinder
D:7:      layout_layer_cave, mainiacjoe_overflow_alcove_1, serial_shops, shop,
          uniq_duvessa, uniq_pikel
D:8:      layout_loops_cross
D:9:      layout_irregular_city, gammafunk_temple_overflow_wave,
          ploomutoo_gammafunk_ghost_potion_laboratory, kennysheep_nub
D:10:     cheibrodos_elevator_heist, layout_basic,
          grunt_lair_entry_orc_guard_hut, uniq_sonja, uniq_gastronok
Temple:   nicolae_temple_no_exploring_needed

Skill      XL: |  1  2  3  4  5  6  7  8  9 10 11 |
---------------+----------------------------------+-----
Spellcasting   | 3 4 5 6 9 10 11 12 13 | 13.3
Stealth        | 2 3 4 5 |  5.8
Short Blades   | 1 |  1.3
Fighting       | 1 2 |  2.2
Dodging        | 3 |  3.2

Action                   |  1- 3 |  4- 6 |  7- 9 | 10-12 || total
-------------------------+-------+-------+-------+-------++-------
Melee: Short sword       |     1 |       |     7 |       ||     8
 Cast: Foxfire           |   100 |   124 |    99 |       ||   323
       Sticky Flame      |       |     2 |     7 |     1 ||    10
       Fireball          |       |       |    25 |    81 ||   106
       Leda's Liquefacti |       |       |       |     1 ||     1
  Use: Scroll            |       |     3 |       |    10 ||    13
 Stab: Sleeping          |       |       |     2 |       ||     2
Armor: Robe              |     1 |     2 |     6 |       ||     9
Dodge: Dodged            |    12 |     6 |     9 |     8 ||    35
